 Dungeon Crawl Stone Soup version 0.23-a0-299-g9a66eeb (webtiles) character file.

11 Amnesiac the Ducker (level 2, -2/16 HPs)
             Began as a Spriggan Fighter on Oct 6, 2018.
             Slain by a bullfrog (6 damage)
             ... on level 6 of the Dungeon.
             The game lasted 00:02:29 (436 turns).

Amnesiac the Ducker (Spriggan Fighter)               Turns: 436, Time: 00:02:30

Health: -2/16      AC:  2    Str: 12    XL:     2   Next: 13%
Magic:  3/3        EV: 19    Int:  9    God:
Gold:   44         SH:  6    Dex: 15    Spells: 1/1 levels left

rFire    . . .     SeeInvis +   a - +0 rapier
rCold    . . .     Gourm    .   c - +0 buckler
rNeg     . . .     Faith    .   b - +0 robe
rPois    .         Spirit   .   (helmet restricted)
rElec    .         Reflect  .   (no cloak)
rCorr    .         Harm     .   (gloves unavailable)
MR       .....                  (boots unavailable)
Stlth    ++........             (no amulet)
HPRegen  0.05/turn              (no ring)
MPRegen  0.08/turn              (no ring)

@: very quick
A: very small, unfitting armour, see invisible, herbivore, speed 3, slow
metabolism 2
a: no special abilities


You were on level 6 of the Dungeon.
You were not hungry.

You visited 1 branch of the dungeon, and saw 6 of its levels.

You collected 44 gold pieces.

Inventory:

Hand Weapons
 a - a +0 rapier (weapon)
Armour
 b - a +0 robe (worn)
 c - a +0 buckler (worn)
Scrolls
 e - a scroll of enchant armour {!r, unknown}
 g - a scroll of enchant weapon {!r, unknown}
 i - a scroll of immolation {!r, unknown}
 j - a scroll of blinking {!r, unknown}
 k - a scroll of teleportation {!r, unknown}
 l - a scroll of magic mapping {!r, unknown}
Potions
 d - a potion of might {!q}
 h - a potion of lignification {!q, unknown}
 m - a potion of mutation {!q, unknown}
Comestibles
 f - 2 rations


   Skills:
 - Level 2.4 Fighting
 + Level 2.3 Short Blades
 - Level 4.4 Dodging
 - Level 2.7 Stealth
 * Level 2.2 Shields


You had one spell level left.
You didn't know any spells.
Your spell library was empty.

Dungeon Overview and Level Annotations

Branches:
Dungeon (6/15)
 Temple: D:4-7

Altars:
Xom
Zin


Innate Abilities, Weirdness & Mutations

You are very small and have problems with some larger weapons.
You are too small for most types of armour.
You have supernaturally acute eyesight. (SInv)
You are a herbivore.
You cover ground extremely quickly.
You need to consume almost no food.


Message History

The orc closely misses you.
The orc priest miscasts a cantrip.
An orc priest comes into view. It is wielding a mace.
The orc priest miscasts a cantrip.
There is a stone staircase leading down here.
You climb downwards.
An ogre and a crimson imp come into view.
The crimson imp shouts!
The ogre shouts!
Found a ration.
There is a stone staircase leading up here.
You open the door. The crimson imp hits you.
You see here a ration.
f - 2 rations (gained 1)
The crimson imp spits at you. The crimson imp misses you.
You open the door.
There is an open door here.
A crimson imp comes into view.
Found a robe.
An ogre comes into view. It is wielding a giant club.
The crimson imp shouts!
The ogre shouts!
The crimson imp sputters.
The crimson imp blinks!
You open the door.
Found a ration and a fizzy pink potion.
There is an open door here.
You see here a fizzy pink potion {!q}.
m - a fizzy pink potion {!q} You open the door.
The crimson imp blinks!
The crimson imp blinks!
There is an open door here.
You open the door.
A sky beast comes into view.
Found 7 gold pieces.
Found an escape hatch in the floor.
There is an open door here.
You see here 7 gold pieces.
You now have 44 gold pieces (gained 7).
An orc comes into view. It is wielding a hand axe.
The orc shouts!
There is an escape hatch in the floor here.
The crimson imp blinks!
You slide downwards.
The hatch slams shut behind you. 2 bullfrogs and a giant cockroach come into view.
The bullfrog gives a loud, deep croak!
Found 17 gold pieces and a falchion.
You see here a scroll labeled EMAUGEERIH {!r}.
You open the door. The bullfrog misses you. The bullfrog hits you.
There is an open door here.
Found 15 gold pieces.
Found a glowing silver altar of Zin and a shimmering altar of Xom.
The angel shouts!
You hear a distant blaring wail to the south.
A hound skeleton comes into view.
Okay, then.
Found 13 stones.
The hound skeleton bites you but does no damage.
You puncture the hound skeleton!
The hound skeleton is moderately damaged.
The bullfrog hits you!
* * * LOW HITPOINT WARNING * * *
The hound skeleton completely misses you.
The bullfrog hits you.
You die...

.................#
.................#
.................#
....##.....##...##
....##.....##...##
.....#...........#
.....#...........#
...............Z.#
...............F@#
.#####.....##...##
.#.A.#.$...##...##
_#...#_... #(....#
#.....# #######


You could see a bullfrog and a hound skeleton.

Vanquished Creatures
  A worm (D:2)
  An orc (D:3)
  A goblin (D:2)
  2 kobolds (D:2)
  2 frilled lizards (D:1)
  A quokka zombie (D:4)
8 creatures vanquished.

Notes
Turn   | Place    | Note
-------+----------+-------------------------------------------
     0 | D:1      | Amnesiac the Spriggan Fighter began the quest for the Orb.
     0 | D:1      | Reached XP level 1. HP: 11/11 MP: 2/2
    65 | D:2      | Reached skill level 1 in Stealth
   106 | D:2      | Reached XP level 2. HP: 15/16 MP: 3/3
   333 | D:5      | Entered Level 5 of the Dungeon
   333 | D:5      | Noticed a crimson imp
   333 | D:5      | Noticed an ogre
   345 | D:5      | Noticed a crimson imp
   346 | D:5      | Noticed an ogre
   374 | D:5      | Noticed a sky beast
   399 | D:6      | Noticed a bullfrog
   399 | D:6      | Noticed a bullfrog
   412 | D:6      | Found a glowing silver altar of Zin.
   412 | D:6      | Found a shimmering altar of Xom.
   412 | D:6      | Noticed an angel
   436 | D:6      | Slain by a bullfrog

Vault maps used:
D:1:      onia_arrival_pentagram, minmay_crystal_room, hangedman_decor_lopped,
          feat_on_display
D:2:      first_ration, uniq_sigmund, uniq_terence
D:5:      minmay_temple_entry_fiery
D:6:      grunt_temple_overflow_order_and_chaos_1, uniq_blork_the_orc,
          uniq_edmund

Skill      XL: |  1 |
---------------+----+-----
Stealth        | 2 |  2.7
Fighting       | |  2.4
Short Blades   | |  2.3
Dodging        | |  4.4
Shields        | |  2.2

Action                   || total
-------------------------++-------
Melee: Rapier            ||    23
 Stab: Distracted        ||     1
       Sleeping          ||     1
Armor: Robe              ||     2
Dodge: Dodged            ||     9
Block: Buckler           ||     5

Table legend:
 A = Non-vault XP
 B = Vault XP
 C = Vault XP percentage of total XP
 D = Non-vault monster count
 E = Vault monster count
 F = Vault count percentage of total count
                 A         B        C        D         E       F
            +---------+---------+-------+---------+---------+-------
      Total |      16 |       0 |   0.0 |       8 |       0 |   0.0
            +---------+---------+-------+---------+---------+-------
        D:1 |       2 |       0 |   0.0 |       2 |       0 |   0.0
        D:2 |      10 |       0 |   0.0 |       4 |       0 |   0.0
        D:3 |       3 |       0 |   0.0 |       1 |       0 |   0.0
        D:4 |       1 |       0 |   0.0 |       1 |       0 |   0.0
            +---------+---------+-------+---------+---------+-------
